Map: Acid Plant LE

Players

Gemini

  • Race: Protoss Protoss
  • League: Grandmaster
  • Spawn Location: 11:00

A.I. 1 (Very Easy) - Winner!

  • Race: Terran Terran
  • Spawn Location: 5:00

VOD

Have the link to the VOD?

Description

Time

  • Played on: June 11, 2018, 1:29 a.m.
  • Length: 9:26
Show
View Real Time Build Order
Export as new Build Order

Gemini Protoss 

Build Orders: 1 Gate Expand, Oracle Opening 

Get SALT Encoding   

  12  0:01  Probe  
  13  0:13  Probe  
  14  0:17  Pylon  
  14  0:24  Probe  
  15  0:32  Probe  
  15  0:36  Gateway  
  15  0:40  Probe  
  16  0:46  Assimilator  
  17  0:51  Probe  
  18  1:03  Probe  
  19  1:16  Probe  
  20  1:23  Nexus  
  20  1:36  Cybernetics Core  
  20  1:37  Probe  
  21  1:42  Assimilator  
  21  1:49  Probe  
  22  1:54  Pylon  
  22  2:01  Probe  
  22  2:04  Adept  
  23  2:13  Probe  
  26  2:22  Stargate  
  26  2:25  Adept, Probe  
  26  2:29  Warp Gate  
  27  2:34  Probe  
  29  2:37  Probe  
  29  2:42  Probe  
  31  2:50  Probe  
  33  2:52  Probe  
  33  2:56  Oracle  
  34  3:02  Probe  
  34  3:04  Probe  
  36  3:08  Adept  
  36  3:12  Pylon  
  41  3:14  Probe  
  41  3:16  Probe  
  43  3:23  Oracle  
  43  3:26  Probe  
  44  3:28  Probe  
  48  3:38  Gateway, Probe  
  48  3:39  Gateway  
  49  3:41  Probe  
  50  3:51  Probe  
  50  3:54  Probe  
  52  3:59  Nexus  
  52  4:01  Pylon  
  52  4:05  Probe  
  52  4:06  Probe  
  54  4:12  Phoenix, Assimilator  
  54  4:13  Assimilator  
  54  4:17  Pylon  
  54  4:23  Probe x2  
  58  4:32  Pylon  
  58  4:36  Robotics Facility  
  58  4:38  Phoenix, Probe x2  
  62  4:50  Probe x2  
  64  4:54  Pylon  
  64  4:55  Sentry x2  
  64  4:56  Forge  
  68  5:03  Phoenix, Probe x2  
  72  5:12  Probe  
  73  5:15  Probe  
  73  5:16  Probe  
  75  5:23  Observer  
  75  5:24  Probe  
  75  5:27  Probe  
  75  5:28  Probe  
  79  5:30  Robotics Bay  
  79  5:36  Probe  
  79  5:39  Probe  
  79  5:40  Immortal, Protoss Ground Weapons Level 1, Probe  
  82  5:44  Gateway  
  82  5:45  Gateway  
  82  5:46  Gateway  
  82  5:47  Gateway  
  82  5:48  Probe  
  87  5:57  Gateway  
  87  5:59  Pylon  
  87  6:00  Probe  
  87  6:01  Probe  
  87  6:02  Probe  
  87  6:03  Colossus  
  90  6:09  Extended Thermal Lance  
  90  6:11  Pylon  
  90  6:12  Probe  
  90  6:14  Probe x2  
  93  6:25  Pylon, Probe  
  100  6:26  Probe  
  100  6:27  Assimilator  
  100  6:29  Assimilator  
  101  6:39  Probe  
  102  6:42  Colossus, Pylon  
  102  6:43  Pylon  
  102  6:50  Zealot x3, Stalker x2  
  102  6:51  Stalker  
  114  6:55  Probe  
  121  7:02  Twilight Council  
  121  7:10  Charge  
  121  7:14  Probe x3  
  124  7:18  Pylon  
  124  7:19  Pylon  
  124  7:21  Stalker x2, Protoss Ground Armor Level 1  
  124  7:22  Zealot x4  
  136  7:26  Probe  
  136  7:28  Colossus  
  137  7:35  Pylon  
  143  7:44  Pylon  
  143  7:54  Zealot x4  
  143  7:56  Zealot x4  
  159  8:10  Nexus  
  159  8:12  Pylon  
  159  8:14  Colossus  
  165  8:31  Forge  
  165  8:32  Stalker x3, Pylon  
  165  8:33  Zealot x4  
  179  8:41  Pylon  
  179  8:42  Pylon x2  
  179  8:43  Stalker  
  181  8:59  Assimilator  
  181  9:04  Assimilator  
  184  9:14  Templar Archives  
  184  9:15  Zealot x4  
  192  9:17  Pylon  
Show
View Real Time Build Order
Export as new Build Order

A.I. 1 (Very Easy) Terran - Winner!

Build Orders:  

Get SALT Encoding   

  12  0:00  SCV  
  13  0:13  SCV  
  14  0:18  Supply Depot  
  14  0:38  Refinery  
  14  0:43  Barracks  
  14  1:04  Supply Depot  
  14  1:13  Refinery  
  14  1:30  Barracks Tech Lab  
  14  1:31  Orbital Command  
  14  1:48  Marine  
  15  1:57  SCV  
  16  2:09  SCV  
  17  2:21  SCV  
  18  2:32  Marine  
  18  2:33  SCV  
  20  2:45  SCV  
  21  2:58  SCV  
  22  3:17  Marauder  
  24  5:14  Marine  
  23  5:58  Marine  
  24  6:36  SCV  
  24  6:37  Marine  
  24  6:39  Supply Depot  
  25  6:42  Factory  
  25  6:43  Command Center  
  25  7:00  SCV  
  26  7:03  Supply Depot  
  26  7:12  Marine, SCV  
  24  7:24  SCV  
  24  7:29  Starport  
  25  7:36  SCV  
  26  7:45  Hellion  
  26  7:48  SCV  
  28  8:02  SCV  
  28  8:04  Refinery  
  29  8:09  Refinery, Starport Tech Lab  
  29  8:10  SCV  
  30  8:14  Hellion  
  30  8:17  SCV  
  33  8:24  SCV  
  30  8:27  Raven  
  30  8:32  SCV  
  33  8:39  SCV  
  34  8:46  SCV  
  34  8:48  Marine  
  35  8:53  SCV  
  37  9:00  SCV  
  38  9:07  SCV  
Tags
 
Add a new tag
Caveats
  • Supply blocks, unpowered buildings, or Contaminate may cause inaccurate times.
  • Supply counts are checked every 10 seconds.